AoeStats
← Mclovin

Black Forest

509752402Analyzed
2v2 RM · 3d ago on Sep 27, 2026· 51m 15s· 4 players
Game mode
Random Map
Map size
Medium (4 player)
Population
200
Speed
Normal
Resources
Standard
Victory
Conquest
Starting age
Dark Age
Ending age
Imperial Age
RankedLock teamsTeams togetherTeam positionsShared explorationLock speedFull tech treeHidden civsTurbo modeCheats
Victory
Defeat
🇦🇷 Chinese · Argentina
907
+12
🇦🇷 Turks · Argentina
759
+19
🇧🇷 Spanish · Brazil
850
-17
🇺🇸 Romans · United States
775
-14
Hueso-carp
0:29 Loom
11:52 Feudal Age
17:55 Castle Age
16:35 Double-Bit Axe
17:33 Horse Collar
24:44 Ballistics
25:08 Wheelbarrow
25:23 Caravan
26:51 Heavy Plow
27:07 Bow Saw
27:16 Hand Cart
32:16 Imperial Age
29:49 Gold Mining
29:59 Fletching
30:10 Padded Archer Armor
32:00 Bodkin Arrow
33:12 Gold Shaft Mining
34:44 Chemistry
33:46 Bracer
34:02 Leather Archer Armor
34:55 Thumb Ring
37:42 Two-Man Saw
40:15 Elite Chu Ko Nu
41:15 Conscription
43:33 Masonry
43:19 Murder Holes
45:15 Husbandry
45:26 Bloodlines
45:56 Ring Archer Armor
45:32 Scale Barding Armor
46:01 Light Cavalry
49:39 Architecture
BaseBand3900
12:30 Feudal Age
13:05 Double-Bit Axe
16:39 Wheelbarrow
19:32 Castle Age
20:19 Stone Mining
20:21 Gold Mining
22:17 Padded Archer Armor
28:59 Ballistics
29:00 Leather Archer Armor
28:35 Fletching
32:10 Caravan
35:50 Imperial Age
36:12 Horse Collar
36:44 Elite Janissary
38:31 Fortified Wall
39:43 Ring Archer Armor
39:09 Bodkin Arrow
43:18 Hand Cart
47:52 Bloodlines
47:52 Scale Barding Armor
47:48 Bracer
47:59 Forging
48:01 Cavalier
Owen589616
3:25 Loom
11:47 Feudal Age
16:54 Castle Age
20:19 Double-Bit Axe
22:02 Bow Saw
24:19 Horse Collar
27:23 Coinage
27:46 Heavy Plow
31:30 Imperial Age
32:14 Caravan
32:45 Banking
32:26 Guilds
32:07 Capped Ram
34:23 Forging
34:13 Scale Mail Armor
34:50 Man-at-Arms
35:35 Squires
36:18 Iron Casting
35:59 Chain Mail Armor
36:21 Crop Rotation
36:32 Wheelbarrow
36:40 Heavy Scorpion
36:59 Long Swordsman
38:16 Legionary
40:50 Ballistics
42:03 Siege Ram
44:21 Ballistas
44:37 Comitatenses
44:46 Comitatenses
45:06 Hand Cart
46:10 Blast Furnace
45:57 Conscription
Mclovin
1:01 Loom
13:33 Feudal Age
18:00 Castle Age
16:05 Double-Bit Axe
16:18 Horse Collar
19:35 Wheelbarrow
19:14 Bow Saw
22:44 Stone Mining
26:14 Hand Cart
27:57 Padded Archer Armor
28:42 Gold Mining
34:13 Imperial Age
32:03 Bloodlines
32:12 Leather Archer Armor
32:47 Fletching
36:00 Chemistry
34:34 Elite Conquistador
35:48 Ring Archer Armor
35:23 Husbandry
35:10 Town Watch
36:53 Two-Man Saw
36:53 Ballistics
37:43 Stone Shaft Mining
37:11 Town Patrol
37:01 Pikeman
39:36 Bodkin Arrow
40:23 Conscription
40:29 Masonry
40:43 Supremacy
41:00 Hoardings
40:00 Elite Skirmisher
42:20 Bracer
42:55 Architecture
42:21 Murder Holes
42:36 Fortified Wall
42:31 Caravan
42:34 Heavy Plow
Connection lost

Rejoining the realm…

Still unreachable

The connection could not be restored.

Session expired

The server has moved on; the page needs a fresh start.